 Dungeon Crawl Stone Soup version 0.30.1-11-g7821555f0a (webtiles) character file.

Game seed: 2612794659962290545

1862006 Wyvric the Worldbinder (level 27, 203/261 HPs)
             Began as a Black Draconian Summoner on Nov 16, 2023.
             Was a High Priest of Sif Muna.
             Escaped with the Orb
             ... and 4 runes on Nov 19, 2023!
             The game lasted 09:28:21 (109617 turns).

Wyvric the Worldbinder (Black Draconian Summoner) Turns: 109617, Time: 09:28:21

Health: 203/261    AC: 27    Str:  5    XL:     27
Magic:  21/47      EV: 26    Int: 31    God:    Sif Muna [*****.]
Gold:   1585       SH: 24    Dex: 23    Spells: 1/66 levels left

rFire   + + +        a - staff of cold "Cehiquf" {rF+++ rC+ rCorr Str-2 Int+3}
rCold   + + .        L - +5 kite shield {AC+3}
rNeg    + + .        (body armour unavailable)
rPois   +            X - +2 hat
rElec   +            R - +2 cloak of the Morning Star {+Inv Str+2 Int+3}
rCorr   +            I - +2 pair of gloves
SInv    +            W - +2 pair of boots of Leapfrog {rPois rF+ Will- SInv}
Will    ++++.        M - amulet "Voebbuny" {RegenMP Regen+}
Stlth   +            w - ring "Lyzxul" {Fly Will++ EV+5 Dex+4 Stlth-}
HPRegen 1.43/turn    y - ring "Boicikke" {Ice rN++ Will+ Str-5}
MPRegen 0.70/turn

%: no passive effects
@: calling dragons, flying, very slightly contaminated, hasted, studying 3
skills, very quick
A: breathe lightning, AC +13, unfitting armour, big wings, electricity
resistance, cold-blooded, large bone plates 1, agile 1, mutation resistance 1
0: Orb of Zot
}: 4/15 runes: barnacled, slimy, silver, gossamer
a: Breathe Lightning, Renounce Religion, Evoke Invisibility, Channel Magic,
Forget Spell, Divine Exegesis


You escaped.
You worshipped Sif Muna.
Sif Muna was extremely pleased with you.
You visited 12 branches of the dungeon, and saw 56 of its levels.
You also visited: Sewer, Ossuary, Ice Cave and Wizlab.

You collected 9755 gold pieces.
You spent 8170 gold pieces at shops.

Inventory:

Missiles
 r - 11 throwing nets
 O - 12 curare-tipped darts
Armour
 j - a +1 tower shield of protection
 I - a +2 pair of gloves (worn)
 L - a +5 kite shield of protection (worn)
 R - the +2 cloak of the Morning Star (worn) {+Inv Str+2 Int+3}
   (You found it in an ice cave)

   Str:       It affects your strength (+2).
   Int:       It affects your intelligence (+3).
   +Inv:      It lets you turn invisible.
 W - the +2 pair of boots of Leapfrog (worn) {rPois rF+ Will- SInv}
   (You acquired it on level 5 of the Realm of Zot)

   rF:        It protects you from fire.
   rPois:     It protects you from poison.
   SInv:      It lets you see invisible.
   Will:      It decreases your willpower.
 X - a +2 hat (worn)
Magical Staves
 a - the staff of cold "Cehiquf" (weapon) {rF+++ rC+ rCorr Str-2 Int+3}
   (You found it on level 2 of the Depths)

   [staff of cold]

   Base accuracy: +5 Base damage: 5 Base attack delay: 1.2 This weapon's minimum
   attack delay (0.6) is reached at skill level 12.
   Str:       It affects your strength (-2).
   Int:       It affects your intelligence (+3).
   rF:        It renders you almost immune to fire.
   rC:        It protects you from cold.
   rCorr:     It protects you from acid and corrosion.
   It falls into the 'Staves' category.
   It is a one-handed weapon.
Jewellery
 b - a ring of see invisible
 w - the ring "Lyzxul" (left hand) {Fly Will++ EV+5 Dex+4 Stlth-}
   (You found it on level 5 of the Vaults)

   [ring of evasion]

   EV:        It affects your evasion (+5).
   Dex:       It affects your dexterity (+4).
   Fly:       It grants you flight.
   Will:      It greatly increases your willpower.
   Stlth:     It makes you less stealthy.
 y - the ring "Boicikke" (right hand) {Ice rN++ Will+ Str-5}
   (You took it off Josephina on level 1 of the Realm of Zot)

   [ring of ice]

   It enhances your ice magic.
   Str:       It affects your strength (-5).
   rF:        It makes you vulnerable to fire.
   rC:        It protects you from cold.
   rN:        It greatly protects you from negative energy.
   Will:      It increases your willpower.
 M - the amulet "Voebbuny" (around neck) {RegenMP Regen+}
   (You took it off a merfolk aquamancer on level 4 of the Shoals)

   [amulet of magic regeneration]

   It increases your rate of magic regeneration.
   Regen:     It increases your rate of health regeneration.
 P - the amulet "Ceklon" {Acrobat rC+}
   (You took it off a tengu reaver on level 3 of the Depths)

   [amulet of the acrobat]

   It increases your evasion while moving and waiting.
   rC:        It protects you from cold.
Wands
 A - a wand of acid (6)
 D - a wand of digging (17)
 E - a wand of polymorph (37)
 F - a wand of flame (87)
 H - a wand of charming (28)
 S - a wand of roots (50)
 Z - a wand of mindburst (47)
Scrolls
 f - a scroll of silence
 g - 7 scrolls of fear
 m - a scroll of magic mapping
 p - 8 scrolls of poison
 t - 18 scrolls of teleportation
 v - a scroll of immolation
 z - 10 scrolls of fog
 B - 8 scrolls of blinking
 G - 5 scrolls of torment
 Q - 9 scrolls of vulnerability
 U - 4 scrolls of summoning
 V - 4 scrolls of enchant armour
Potions
 d - 8 potions of might
 e - 13 potions of magic
 h - 10 potions of haste
 i - 3 potions of berserk rage
 k - 22 potions of curing
 l - 13 potions of heal wounds
 n - 9 potions of resistance
 o - 3 potions of invisibility
 q - 13 potions of ambrosia
 s - 11 potions of attraction
 u - 14 potions of brilliance
 x - 15 potions of mutation
 J - 11 potions of lignification
 K - 7 potions of cancellation
Miscellaneous
 c - a box of beasts
 C - a condenser vane
 N - a lightning rod (4/4)
 T - a phantom mirror
 Y - a phial of floods


   Skills:
 - Level 24.0 Fighting
 * Level 13.2 Dodging
 - Level 2.0 Stealth
 - Level 15.0 Shields
 - Level 20.0 Spellcasting
 - Level 16.0 Conjurations
 - Level 26.0 Summonings
 - Level 13.0 Translocations
 - Level 7.0 Ice Magic
 - Level 13.0 Air Magic
 - Level 18.0 Invocations
 - Level 18.0 Evocations


You had one spell level left.
You knew the following spells:

 Your Spells              Type           Power      Damage    Failure   Level
a - Orb of Destruction    Conj           46%        9d12      4%          7
b - Airstrike             Air            42%        2d(6-22)  1%          4
c - Arcjolt               Conj/Air       44%        1d54      1%          5
e - Freezing Cloud        Conj/Ice/Air   63%        6-21      1%          5
f - Summon Horrible Thin  Summ           56%        N/A       1%          8
g - Malign Gateway        Summ/Tloc      50%        N/A       1%          7
k - Blink                 Tloc           100%       N/A       1%          2
l - Dragon's Call         Summ           56%        N/A       9%          9
n - Monstrous Menagerie   Summ           56%        N/A       1%          7
p - Passage of Golubria   Tloc           84%        N/A       1%          4
u - Ozocubu's Armour      Ice            100%       N/A       1%          3
y - Swiftness             Air            84%        N/A       1%          3
Z - Apportation           Tloc           100%       N/A       1%          1

Your spell library contained the following spells:

 Spells                   Type           Power      Damage    Failure   Level
 Magic Dart               Conj           100%       1d8       0%          1
 Shock                    Conj/Air       100%       1d9       0%          1
 Summon Small Mammal      Summ           100%       N/A       0%          1
 Foxfire                  Conj/Fire      100%       2x1d9     1%          1
 Freeze                   Ice            100%       1d10      1%          1
 Kiss of Death            Conj/Necr      100%       2d13      1%          1
 Beastly Appendage        Tmut           62%        N/A       3%          1
 Necrotise                Necr           100%       1d9       3%          1
 Sandblast                Erth           62%        2d14      3%          1
 Slow                     Hex            100%       N/A       3%          1
 Sting                    Tmut/Pois      100%       1d8       3%          1
 Call Imp                 Summ           100%       N/A       0%          2
 Momentum Strike          Conj/Tloc      100%       3d10      0%          2
 Searing Ray              Conj           100%       2d8       0%          2
 Static Discharge         Conj/Air       100%       2-7/arc   0%          2
 Call Canine Familiar     Summ           100%       N/A       0%          3
 Summon Lightning Spire   Summ/Air       100%       N/A       0%          4
 Summon Cactus Giant      Summ           56%        N/A       0%          6
 Cigotuvi's Dreadful Rot  Necr/Pois/Air  100%       N/A       1%          2
 Ensorcelled Hibernation  Hex/Ice        100%       N/A       1%          2
 Lesser Beckoning         Tloc           100%       N/A       1%          2
 Poisonous Vapours        Pois/Air       100%       N/A       1%          2
 Dazzling Flash           Conj/Hex       100%       N/A       1%          3
 Frozen Ramparts          Ice            100%       1d16      1%          3
 Gell's Gravitas          Tloc           84%        N/A       1%          3
 Hailstorm                Conj/Ice       100%       3d20      1%          3
 Mephitic Cloud           Conj/Pois/Air  74%        N/A       1%          3
 Portal Projectile        Hex/Tloc       100%       N/A       1%          3
 Stone Arrow              Conj/Erth      100%       3d13      1%          3
 Summon Guardian Golem    Hex/Summ       84%        N/A       1%          3
 Teleport Other           Tloc           84%        N/A       1%          3
 Vhi's Electric Charge    Tloc/Air       100%       N/A       1%          3
 Volatile Blastmotes      Fire/Tloc      100%       2d18      1%          3
 Flame Wave               Conj/Fire      69%        2d16      1%          4
 Fulminant Prism          Conj/Hex       34%        3d16      1%          4
 Iskenderun's Mystic Bla  Conj/Tloc      88%        2d17      1%          4
 Manifold Assault         Tloc           84%        N/A       1%          4
 Sticky Flame             Conj/Fire      69%        2d8       1%          4
 Summon Ice Beast         Ice/Summ       100%       N/A       1%          4
 Iskenderun's Battlesphe  Conj           92%        2d14      1%          5
 Summon Forest            Summ/Tloc      50%        N/A       1%          5
 Summon Mana Viper        Hex/Summ       84%        N/A       1%          5
 Conjure Ball Lightning   Conj/Air       44%        3x3d15    1%          6
 Spellforged Servitor     Conj/Summ      51%        N/A       1%          7
 Summon Hydra             Summ           56%        N/A       1%          7
 Dispersal                Tloc           42%        N/A       2%          6
 Fireball                 Conj/Fire      34%        3d14      3%          5
 Irradiate                Conj/Tmut      34%        3d23      3%          5
 Passwall                 Tmut/Erth      25%        N/A       5%          2
 Scorch                   Fire           62%        2d8       5%          2
 Wereblood                Tmut           31%        N/A       5%          2
 Silence                  Hex/Air        31%        N/A       7%          5
 Ice Form                 Ice/Tmut       87%        N/A       9%          4
 Confusing Touch          Hex            31%        N/A       11%         3
 Ignite Poison            Fire/Tmut/Pois 31%        N/A       11%         3
 Inner Flame              Hex/Fire       31%        N/A       11%         3
 Spider Form              Tmut/Pois      31%        N/A       11%         3
 Tukima's Dance           Hex            31%        N/A       11%         3
 Haunt                    Necr/Summ      42%        N/A       14%         7
 Iron Shot                Conj/Erth      34%        9d7       21%         6
 Starburst                Conj/Fire      34%        6d10      21%         6
 Metabolic Englaciation   Hex/Ice        43%        N/A       24%         5
 Anguish                  Hex/Necr       15%        N/A       34%         4
 Cause Fear               Hex            15%        N/A       34%         4
 Dispel Undead            Necr           31%        3d14      34%         4
 Leda's Liquefaction      Hex/Erth       15%        N/A       34%         4
 Olgreb's Toxic Radiance  Pois           31%        N/A       34%         4
 Petrify                  Tmut/Erth      31%        N/A       34%         4
 Plasma Beam              Fire/Air       31%        2x1d48    36%         6
 Agony                    Necr           31%        N/A       69%         5
 Alistair's Intoxication  Tmut/Pois      20%        N/A       69%         5
 Blade Hands              Tmut           15%        N/A       69%         5
 Borgnjor's Vile Clutch   Necr/Erth      15%        N/A       69%         5
 Yara's Violent Unravell  Hex/Tmut       15%        3d8       69%         5
 Disjunction              Tloc           42%        N/A       75%         8
 Maxwell's Capacitive Co  Air            42%        ∞         75%         8
 Simulacrum               Ice/Necr       43%        N/A       78%         6
 Ozocubu's Refrigeration  Ice            53%        4d19      86%         7
 Storm Form               Tmut/Air       31%        N/A       91%         7
 Death Channel            Necr           15%        N/A       99%         6
 Eringya's Noxious Bog    Tmut/Pois      15%        N/A       99%         6
 Statue Form              Tmut/Erth      20%        N/A       99%         6
 Dragon Form              Tmut           15%        N/A       100%        7
 Enfeeble                 Hex            15%        N/A       100%        7
 Discord                  Hex            15%        N/A       100%        8
 Ignition                 Fire           15%        3d6       100%        8
 Lehudib's Crystal Spear  Conj/Erth      34%        10d9      100%        8
 Necromutation            Tmut/Necr      15%        N/A       100%        8
 Chain Lightning          Conj/Air       44%        3d58      100%        9
 Death's Door             Necr           15%        N/A       100%        9
 Fire Storm               Conj/Fire      34%        8d9       100%        9
 Polar Vortex             Ice            53%        N/A       100%        9
 Shatter                  Erth           15%        3d15*     100%        9
 Animate Armour           Summ/Erth      Unusable   N/A       N/A         4

Dungeon Overview and Level Annotations

Branches:
Dungeon (15/15)            Temple (1/1) D:6            Lair (5/5) D:8
 Shoals (4/4) Lair:3       Spider (4/4) Lair:2        Slime (5/5) Lair:5
    Orc (2/2) D:10            Elf (3/3) Orc:2        Vaults (5/5) D:14
  Crypt (3/3) Vaults:2       Tomb (0/3) Crypt:3      Depths (4/4) D:15
    Zot (5/5) Depths:4      Sewer (visited)         Ossuary (visited)
  IceCv (visited)          WizLab (visited)

Altars:
Ashenzari
Cheibriados
Dithmenos
Elyvilon
Fedhas
Gozag
Hepliaklqana
Kikubaaqudgha
Makhleb
Nemelex Xobeh
Okawaru
Qazlal
Ru
Sif Muna
Trog
Uskayaw
Vehumet
Wu Jian
Xom
Yredelemnul
Zin
The Shining One
Lugonu

Shops:
D:3 :   D:5 ****   D:7 [   D:8 (   D:10 (   D:12 *   D:13 =   D:15 !   Orc:1 =
Orc:2 *[:?   Elf:1 (   Shoals:1 [*   Vaults:5 :   Depths:2 *   Depths:4 ?!=[?

Portals:
Hell: Lair:5 Depths:1 Depths:2 Depths:3 Depths:4
Abyss: Shoals:4 Depths:1 Depths:3
Pandemonium: Depths:2
Ziggurat: Depths:4


Innate Abilities, Weirdness & Mutations

You can breathe wild blasts of lightning.
Your glossy black scales are hard. (AC +13)
You cannot fit into any form of body armour.
Your large and strong wings let you fly.
You are resistant to electric shocks. (rElec)
You are cold-blooded and may be slowed by cold attacks.
You are partially covered in large bone plates. (SH +4)
You are agile. (Dex +4, Str/Int -1)
You are somewhat resistant to further mutation.


Message History

The Ice Fiend gestures at you. The bolt of cold hits you. You resist.
The Ice Fiend calls on the powers of darkness!
Your body is wracked with pain!
* * * LOW HITPOINT WARNING * * *
The Ice Fiend gestures at you. The bolt of cold misses you.
Okay, then.
As you read the scroll of fog, it crumbles to dust.
The scroll dissolves into smoke.
You can once more reach out to the dragon horde.
There is a stone staircase leading up here.
You fly upwards.
There is a stone staircase leading down here.
Okay, then.
You feel yourself speed up.
There is an open door here.
A toenail golem comes into view.
Casting: Dragon's Call (dangerous; 9% risk of failure)
Confirm with . or Enter, or press ? or * to list all spells.
Aiming: Orb of Destruction (mildly dangerous; 4% risk of failure)
Press: ? - help, Shift-Dir - straight line, f - toenail golem
Aim: a toenail golem The orb of destruction hits the toenail golem!!!
You blow up the toenail golem!
Sif Muna accepts your kill.
Casting: Orb of Destruction (mildly dangerous; 4% risk of failure)
Confirm with . or Enter, or press ? or * to list all spells.
You miscast Dragon's Call.
You are very lightly contaminated with residual magic.
A fistful of eyes flickers past your view.
A nameless horror comes into view.
There is a staircase leading out of the dungeon here.
Casting: Dragon's Call (dangerous; 9% risk of failure)
Confirm with . or Enter, or press ? or * to list all spells.
You call out to the draconic realm, and the dragon horde roars back!
A dragon arrives to answer your call!
Send 'em back where they came from!
Your golden dragon disappears in a puff of smoke!
A dragon arrives to answer your call!
You have escaped!

##### ##8.8###
#......######
#......#....#####
##..8...####......
#8......#.......##
#@..XD..'.#####.##
#8....§.### #>..
##..8§§.# #...
#......# ##.#
#......# #.#
##8.8##### #.#
##### #.# ##.# #.#
#.#####... #.#
#.........


You could see a nameless horror (ally target) and a friendly storm dragon
(summoned).

Vanquished Creatures
  the Royal Jelly (Slime:5)
  An orb of fire (Zot:1)
  An ancient lich (Zot:5)
  A Killer Klown (Zot:5)
  Bai Suzhen (Spider:4)
  A caustic shrike (Depths:1)
  A curse toe (Crypt:3)
  Saint Roka (Depths:2)
  Nikola (Elf:3)
  the Enchantress (Depths:2)
  An electric golem (Zot:1)
  2 liches
  6 Orb Guardians
  Rupert (D:14)
  3 acid blobs (Slime:5)
  A deep elf blademaster (Elf:3)
  A titan (Vaults:5)
  2 quicksilver dragons (Zot:1)
  5 deep elf master archers
  5 ancient champions
  4 krakens
  Kirke (D:12)
  3 shadow dragons
  3 sphinxes
  2 death cobs
  2 storm dragons
  2 thorn hunters (WizLab)
  Ilsuiw (Shoals:4)
  A draconian monk (Zot:1)
  3 tengu reavers
  2 revenants
  A rockslime (IceCv)
  7 fire giants
  3 frost giants
  4 deep elf sorcerers
  2 azure jellies
  2 emperor scorpions
  6 vault wardens
  6 ghouls
  2 curse skulls
  5 spriggan defenders
  5 ghost moths
  7 ironbound preservers
  3 ironbound thunderhulks
  A reaper (Crypt:2)
  An orc warlord (Orc:2)
  2 broodmothers
  A war gargoyle (Vaults:5)
  3 quicksilver oozes (IceCv)
  6 stone giants
  7 vampire knights
  8 very ugly things
  8 deep elf demonologists
  A juggernaut skeleton (Crypt:1)
  3 white draconians
  The ghost of Voland the Destroyer, a journeyman TeAE of Sif Muna (Orc:2)
  A black draconian (Zot:4)
  7 deep elf annihilators
  4 spark wasps
  2 red draconians
  2 dire elephants
  6 deep elf death magi
  3 purple draconians
  4 eidola
  An acid blob zombie (Crypt:3)
  A crystal guardian (Vaults:1)
  4 ettins
  A yellow draconian (Depths:4)
  3 yaktaur captains
  7 merfolk impalers
  3 fire dragons
  The ghost of oldnick the Grappler, a journeyman TrFi of the Shining One (D:12)
  9 jiangshi
  5 merfolk javelineers
  3 entropy weavers
  4 deep elf high priests
  7 great orbs of eyes
  An ice dragon (Depths:3)
  3 spriggan air magi
  22 vault guards
  A peacekeeper (Vaults:1)
  3 rakshasas
  3 alligator snapping turtles
  2 catoblepae
  3 merfolk avatars
  2 ogre magi (D:15)
  24 centaur warriors
  6 hydras
  6 radroaches
  A hell beast (Depths:3)
  6 deep troll shamans
  A fenstrider witch skeleton (Crypt:3)
  3 boulder beetles
  4 ironbound frosthearts
  4 jorogumos
  4 merfolk aquamancers
  3 tengu warriors
  11 two-headed ogres
  4 satyrs
  22 dancing weapons
  4 deep troll earth magi
  Urug (D:14)
  2 titan zombies
  4 orc high priests (Orc:2)
  4 vampire magi
  A spriggan berserker (Depths:4)
  4 soul eaters
  9 deep elf knights (Elf:2)
  2 hell knights (Depths:1)
  6 iron trolls
  2 sixfirhies
  A shadow wraith (Vaults:2)
  2 skysharks
  2 sun demons (Shoals:2)
  10 pharaoh ants
  11 skeletal warriors
  A sea snake (shapeshifter) (Depths:2)
  A deep troll (shapeshifter) (Depths:1)
  2 glowing orange brains
  6 sea snakes
  35 deep trolls
  2 sun moths (Spider:1)
  9 orb spiders
  A shadow demon (Depths:2)
  5 flayed ghosts
  2 bog bodies (Crypt:3)
  2 orange crystal statues (IceCv)
  4 lindwurms (Vaults:2)
  7 deep elf archers
  A glowing orange brain (shapeshifter) (Vaults:5)
  18 phantasmal warriors
  3 wizards
  18 deep elf pyromancers
  7 ironbound convokers
  20 harpies
  15 deep elf zephyrmancers
  A shining eye (Slime:5)
  9 steelbarb worms
  A wolf spider (shapeshifter) (Depths:3)
  4 orc knights
  5 wolf spiders
  25 fauns
  27 ugly things
  5 necromancers
  2 oklob plants (WizLab)
  A stone giant zombie (D:15)
  6 cyclopes
  A shining eye (shapeshifter) (Vaults:1)
  6 orc sorcerers
  A shadow dragon skeleton (Crypt:1)
  15 manticores
  4 moths of wrath
  A fire giant skeleton (D:15)
  15 merfolk sirens
  A human skeleton (Crypt:3)
  3 elephants (Lair:5)
  10 water nymphs
  A toenail golem (D:1)
  9 vault sentinels
  5 black mambas
  15 demonic crawlers
  2 torpor snails (Spider:3)
  2 storm dragon simulacra (Zot:1)
  6 cane toads
  Maggie (D:10)
  An unseen horror (shapeshifter) (D:13)
  An eye of devastation (Slime:5)
  A centaur skeleton (Crypt:1)
  A komodo dragon (shapeshifter) (Vaults:5)
  9 yaktaurs
  2 rime drakes (Lair:5)
  A kobold demonologist (D:11)
  A yellow draconian zombie (Crypt:2)
  2 efreet (D:15)
  An unseen horror (D:12)
  2 tengu conjurers
  A freezing wraith (Vaults:2)
  2 komodo dragons
  A minotaur zombie (Crypt:2)
  2 guardian mummies
  2 yellow draconian skeletons
  3 trolls
  2 red devils (Lair:5)
  27 merfolk
  A queen bee (D:12)
  2 large abominations (Depths:2)
  A hellwing (Depths:2)
  A harpy skeleton (Crypt:1)
  12 tarantellas
  5 hornets
  2 polar bears (Lair:4)
  7 meliai
  5 snapping turtles
  A snapping turtle (shapeshifter) (D:14)
  4 wind drakes
  A dream sheep (shapeshifter) (Depths:1)
  A fire dragon zombie (Crypt:2)
  3 dream sheep (Lair:5)
  27 slime creatures
  4 spriggans (Depths:2)
  A flying skull (Crypt:3)
  3 wraiths
  27 jumping spiders
  9 yaks
  5 hogs (D:12)
  An air elemental (Elf:3)
  15 water elementals
  20 culicivoras
  A wyvern (D:7)
  3 fire elementals
  A black mamba skeleton (Crypt:3)
  2 fire bats (D:12)
  A fire bat (shapeshifter) (Depths:2)
  7 golden eyes
  15 humans
  3 basilisks
  A vampire mosquito (D:12)
  A neqoxec (D:10)
  2 steam dragons (D:7)
  49 redbacks
  3 wargs
  A fire bat skeleton (Crypt:1)
  4 water moccasins
  13 nameless horrors
  6 hell hounds
  15 orc warriors
  A black bear (Lair:4)
  A sky beast (D:8)
  5 ogres
  3 great orb of eyes simulacra (IceCv)
  4 boggarts (D:14)
  15 centaurs
  3 wolves
  A snapping turtle skeleton (Crypt:3)
  2 slime creature simulacra (IceCv)
  4 necrophages
  2 bullfrogs
  A gnoll sergeant (D:12)
  An earth elemental (Elf:1)
  2 glowing shapeshifter simulacra (IceCv)
  A scorpion (D:5)
  3 small abominations (Depths:2)
  2 wights
  A polar bear zombie (Crypt:2)
  12 killer bees
  An electric eel (Spider:3)
  2 lava snakes (D:12)
  A black bear zombie (Crypt:1)
  4 orc priests
  A human zombie (Ossuary)
  Natasha (D:2)
  15 orc wizards
  A tengu simulacrum (Depths:1)
  A deep dwarf zombie (Crypt:2)
  A tengu skeleton (Crypt:2)
  5 mummies (Crypt:3)
  4 gnolls (D:12)
  2 adders
  A steam dragon zombie (Crypt:2)
  An adder zombie (Ossuary)
  An iguana skeleton (Crypt:2)
  A worm (D:2)
  A dart slug (D:1)
  25 orcs
  4 giant cockroaches
  3 hobgoblins
  5 kobolds
  2 quokkas (D:5)
  4 ball pythons
  4 frilled lizards
  2 goblins (D:2)
  A hobgoblin zombie (Ossuary)
  A kobold zombie (Ossuary)
  An orc zombie (Ossuary)
  5 rats
  A rat zombie (Ossuary)
  A ball lightning (Orc:2)
  2 fire vortices (D:12)
  2 fulminant prisms
  A lurking horror (Shoals:4)
  A snaplasher vine (Vaults:5)
  13 tentacles
1315 creatures vanquished.

Vanquished Creatures (collateral kills)
  Dissolution (Slime:3)
  A pandemonium lord (D:6)
  2 dread liches
  3 orbs of fire
  2 ancient liches
  Mara (Vaults:5)
  4 juggernauts
  The ghost of Cyqimiab the Merfolkian Porcupine, a legendary MfGl of Ru (Zot:2)
  Josephina (Zot:1)
  Sojobo (Vaults:3)
  Boris (Crypt:3)
  Frederick (Vaults:5)
  A curse toe (Crypt:3)
  6 Killer Klowns
  A caustic shrike (Depths:3)
  Xtahua (Vaults:5)
  14 golden dragons
  3 electric golems
  An Ice Fiend (Depths:2)
  A lich (Crypt:3)
  11 tentacled monstrosities
  A Hell Sentinel (Zot:2)
  5 quicksilver dragons
  6 titans
  20 Orb Guardians (Zot:5)
  A deep elf blademaster (Elf:3)
  17 acid blobs
  5 sphinxes
  An Executioner (Zot:2)
  A deep elf master archer (WizLab)
  An ancient champion (Crypt:3)
  3 eldritch tentacles
  A thorn hunter (WizLab)
  12 shadow dragons
  8 tengu reavers
  6 death cobs
  A rockslime (shapeshifter) (Vaults:5)
  2 revenants (Crypt:1)
  13 storm dragons
  Roxanne (D:15)
  3 fenstrider witches (WizLab)
  2 emperor scorpions
  11 rockslimes
  12 draconian monks
  8 draconian knights
  9 frost giants
  11 azure jellies
  5 fire giants
  A balrug (Depths:3)
  8 draconian scorchers
  2 iron dragons
  A juggernaut zombie (Crypt:1)
  9 draconian annihilators
  2 draconian shifters (Zot:1)
  11 vault wardens
  4 ghost moths
  3 ghouls
  A deep elf elementalist (Elf:3)
  4 draconian stormcallers
  A juggernaut skeleton (Depths:1)
  5 war gargoyles
  26 ironbound preservers
  A spriggan defender (Depths:3)
  2 ironbound thunderhulks
  8 quicksilver oozes
  4 vampire knights
  10 stone giants
  Nessos (D:14)
  14 very ugly things
  17 black draconians
  12 green draconians
  A lorocyproca (Depths:1)
  An eleionoma (WizLab)
  A dire elephant (shapeshifter) (Vaults:5)
  5 spark wasps
  8 white draconians
  8 purple draconians
  15 yellow draconians
  13 red draconians
  13 dire elephants
  A crystal guardian (Vaults:1)
  An eidolon (Crypt:3)
  3 merfolk impalers (Shoals:4)
  8 ettins
  14 fire dragons
  3 deep elf death magi
  4 entropy weavers
  5 yaktaur captains
  A merfolk javelineer (Shoals:4)
  4 shambling mangroves (WizLab)
  15 ice dragons
  9 vault guards
  10 great orbs of eyes
  A rakshasa (Depths:2)
  2 jorogumos
  3 ogre magi (Vaults:5)
  2 boulder beetles
  A hell beast (Depths:1)
  A spriggan air mage (Depths:1)
  16 centaur warriors
  3 radroaches
  A catoblepas (Zot:1)
  7 ironbound frosthearts
  A radroach (shapeshifter) (Vaults:5)
  An anaconda (Slime:5)
  A merfolk aquamancer (Shoals:4)
  3 death knights
  A two-headed ogre (D:11)
  A satyr (WizLab)
  3 dancing weapons (Zot:1)
  6 deep troll shamans
  5 death yaks (Lair:5)
  5 deep troll earth magi
  3 vampire magi
  An orc high priest (Elf:1)
  3 tengu warriors (Depths:3)
  4 spriggan berserkers
  4 hell knights
  3 spriggans
  12 iron trolls
  A deep elf knight (Elf:2)
  4 shadow wraiths
  A spark wasp zombie (D:15)
  A sun demon (Depths:3)
  A soul eater (Depths:2)
  8 skeletal warriors
  A sixfirhy (Depths:2)
  3 pharaoh ants
  2 sun moths
  An orb spider (Spider:1)
  A sea snake (Shoals:1)
  A bunyip zombie (Crypt:1)
  A swamp dragon (shapeshifter) (Vaults:5)
  80 deep trolls
  A bog body (Crypt:3)
  4 glowing orange brains
  A cherub (Depths:1)
  A golden dragon skeleton (Vaults:1)
  A lindwurm (Vaults:2)
  3 flayed ghosts
  4 large abominations
  A fenstrider witch simulacrum (Crypt:1)
  4 harpies
  4 wizards
  A deep elf archer (Elf:3)
  3 deep elf pyromancers
  An orc knight (Orc:2)
  4 deep elf zephyrmancers
  2 phantasmal warriors
  4 necromancers
  2 steelbarb worms
  6 ironbound convokers
  7 wolf spiders
  3 fauns
  4 shining eyes
  2 oklob plants
  32 moths of wrath
  3 manticores
  9 ugly things
  3 merfolk sirens
  A human skeleton (Vaults:1)
  3 frost giant skeletons
  3 black mambas
  An iron dragon skeleton (Depths:1)
  9 elephants (Lair:5)
  A dire elephant zombie (Crypt:1)
  Joseph (D:7)
  An eye of devastation (Slime:2)
  An orange demon (Lair:5)
  A naga skeleton (Crypt:1)
  3 torpor snails
  7 vault sentinels
  2 demonic crawlers
  11 cane toads
  A smoke demon (Depths:3)
  A storm dragon simulacrum (Vaults:3)
  3 freezing wraiths (Vaults:5)
  A shock serpent skeleton (Crypt:3)
  2 dire elephant skeletons (Crypt:1)
  2 komodo dragons (Lair:1)
  A swamp worm zombie (Crypt:3)
  5 rime drakes
  14 yaktaurs
  A tormentor (Zot:2)
  2 tengu conjurers (Depths:4)
  An ice devil (Lair:5)
  A white draconian skeleton (Crypt:1)
  2 red devils (Lair:5)
  4 merfolk
  A pale draconian skeleton (Crypt:3)
  A queen bee (Lair:1)
  A human zombie (Vaults:1)
  A troll (Depths:2)
  A meliai (shapeshifter) (Vaults:5)
  A meliai (Spider:4)
  A shadow dragon simulacrum (Zot:1)
  4 wind drakes
  A hellwing (Lair:5)
  3 tarantellas (Spider:2)
  10 hornets
  An iron dragon simulacrum (Crypt:1)
  A blink frog (shapeshifter) (Depths:3)
  7 blink frogs (Lair:3)
  6 dream sheep
  2 snapping turtles (Shoals:4)
  A merfolk zombie (Crypt:1)
  4 small abominations (Depths:2)
  7 jumping spiders
  74 slime creatures
  A human simulacrum (Vaults:3)
  A black mamba zombie (Crypt:1)
  A shadow (D:11)
  2 culicivoras
  27 yaks
  4 wraiths
  2 fire bats (D:12)
  3 water elementals
  6 wyverns
  11 golden eyes
  5 basilisks
  A human (D:14)
  4 nameless horrors
  A steam dragon (D:9)
  A chaos spawn (Depths:1)
  13 redbacks
  3 vampire mosquitoes
  3 wargs
  2 black draconian simulacra (Zot:1)
  2 hell hounds (Lair:5)
  15 water moccasins
  A floating eye (Depths:1)
  2 ice beasts
  11 orc warriors
  Pargi (Sewer)
  4 black bears
  An elephant zombie (Crypt:2)
  4 ogres
  3 great orb of eyes simulacra (IceCv)
  4 centaurs
  3 wolves (Lair:5)
  3 slime creature simulacra (IceCv)
  A phantom (D:5)
  4 kobold brigands
  2 elf zombies (Ossuary)
  5 bullfrogs
  A gnoll sergeant (D:9)
  2 scorpions
  A glowing shapeshifter simulacrum (IceCv)
  14 wights
  A warg zombie (Crypt:3)
  A water moccasin skeleton (Crypt:1)
  27 killer bees
  A shapeshifter skeleton (Crypt:3)
  4 howler monkeys
  A gnoll bouda (D:5)
  4 hounds
  6 orc priests
  A sleepcap (D:6)
  3 iguanas
  Natasha (twice) (D:2)
  7 orc wizards
  9 mummies
  A howler monkey skeleton (Crypt:3)
  2 adders
  6 gnolls
  A river rat (D:5)
  5 white imps
  3 adder zombies (Ossuary)
  3 worms
  2 dart slugs
  22 orcs
  2 ball pythons
  7 endoplasms
  2 giant cockroaches (D:5)
  7 hobgoblins
  16 kobolds
  3 quokkas
  2 bats
  5 frilled lizards
  6 goblins
  A goblin zombie (Ossuary)
  6 hobgoblin zombies (Ossuary)
  11 kobold zombies (Ossuary)
  6 orc zombies (Ossuary)
  2 rats (D:2)
  3 rat zombies
  37 ball lightnings
1441 creatures vanquished.

Vanquished Creatures (others)
  76 eldritch tentacles
  A white draconian (Zot:1)
  A spark wasp (Depths:4)
  Harold (D:9)
  Erolcha (D:11)
  A two-headed ogre (D:8)
  A skyshark (Lair:5)
  A deep troll (Vaults:5)
  An ironbound convoker (Vaults:4)
  2 manticores (Shoals:4)
  An elephant (Lair:5)
  A vault sentinel (Vaults:3)
  A cane toad (Lair:1)
  A nameless horror (Vaults:1)
  A water elemental (Elf:1)
  3 yaks
  A steam dragon (D:9)
  A basilisk (D:8)
  3 vampire mosquitoes (D:10)
  2 killer bees (Lair:1)
  An orc wizard (D:9)
  2 orcs (D:9)
  403 ball lightnings
  A fire vortex (D:12)
  42 fulminant prisms
  13 snaplasher vines
  15 tentacles
578 creatures vanquished.

Grand Total: 3334 creatures vanquished

Notes
Turn   | Place    | Note
-------+----------+-------------------------------------------
     0 | D:1      | Wyvric the Draconian Summoner began the quest for the Orb.
     0 | D:1      | Reached XP level 1. HP: 14/14 MP: 3/3
   171 | D:1      | Reached XP level 2. HP: 20/20 MP: 3/5
   214 | D:1      | Learned a level 2 spell: Call Imp
   902 | D:2      | Reached XP level 3. HP: 26/26 MP: 4/7
   906 | D:2      | Learned a level 3 spell: Call Canine Familiar
   966 | D:2      | Noticed Natasha
   987 | D:2      | Killed Natasha
  1051 | D:2      | Noticed Natasha
  1069 | D:2      | Killed Natasha
  1070 | D:2      | Reached skill level 5 in Summonings
  1070 | D:2      | Reached XP level 4. HP: 30/33 MP: 4/8
  1990 | D:2      | Noticed Natasha
  2007 | D:2      | Killed Natasha
  2561 | D:3      | Found Qoehe Loj's Book Boutique.
  2619 | D:3      | Found a bloodstained altar of Trog.
  2681 | D:3      | Found a basalt altar of Yredelemnul.
  2861 | D:3      | Reached XP level 5. HP: 38/38 MP: 6/9
  2866 | D:3      | Learned a level 4 spell: Summon Lightning Spire
  3155 | D:4      | Reached skill level 6 in Summonings
  3155 | D:4      | Reached skill level 1 in Fighting
  3226 | D:4      | Noticed a black bear
  3332 | D:4      | Found a white marble altar of Elyvilon.
  3436 | D:4      | Noticed a black bear
  3749 | D:4      | Killed a black bear
  3750 | D:4      | Reached XP level 6. HP: 48/48 MP: 4/12
  4514 | D:5      | Entered Level 5 of the Dungeon
  4613 | D:5      | Found a glowing drain.
  4617 | Sewer    | Entered a sewer
  4695 | Sewer    | Noticed Pargi
  4719 | Sewer    | Killed Pargi
  4720 | Sewer    | Reached skill level 5 in Spellcasting
  4720 | Sewer    | Your scales start taking on a glossy black colour.
  4720 | Sewer    | Reached XP level 7. HP: 56/56 MP: 5/14
  4720 | Sewer    | Gained mutation: You are resistant to electric shocks.
                  | (rElec) [Black Draconian growth]
  5048 | D:5      | Reached skill level 1 in Air Magic
  5085 | D:5      | Learned a level 1 spell: Apportation
  5203 | D:5      | Found Cac Posa's Assorted Antiques.
  5219 | D:5      | Found Tobra Vaczup's Assorted Antiques.
  5224 | D:5      | Bought a scroll of identify for 48 gold pieces
  5229 | D:5      | Found Emnasm's Assorted Antiques.
  5234 | D:5      | Identified the +0 leather armour of Infinity {rN+ Str+3
                  | Int+3}
  5267 | D:5      | Found Uvvyucs's Assorted Antiques.
  5667 | D:5      | Found a hazy altar of Hepliaklqana.
  6279 | D:6      | Found a glowing silver altar of Zin.
  6287 | D:6      | Found a stormy altar of Qazlal.
  6358 | D:6      | Reached XP level 8. HP: 66/66 MP: 10/15
  6414 | D:6      | Found a shimmering blue altar of Sif Muna.
  6422 | D:6      | Became a worshipper of Sif Muna the Loreminder
  6429 | D:6      | Found a shadowy altar of Dithmenos.
  6451 | D:6      | Reached skill level 5 in Air Magic
  6542 | D:6      | Found a broken altar of Ashenzari.
  6676 | D:6      | Found a staircase to the Ecumenical Temple.
  6685 | Temple   | Entered the Ecumenical Temple
  6948 | D:6      | Reached skill level 7 in Summonings
  7379 | D:7      | Found Ganibb's Armour Boutique.
  7446 | D:7      | Reached skill level 5 in Fighting
  7461 | D:7      | Reached skill level 1 in Invocations
  7771 | D:7      | Reached XP level 9. HP: 74/74 MP: 9/16
  7796 | D:7      | Found an iron altar of Okawaru.
  7857 | D:7      | Found a sand-covered staircase.
  7919 | Ossuary  | Entered an ossuary
  8063 | Ossuary  | Reached * piety under Sif Muna
  8315 | D:7      | Reached skill level 8 in Summonings
  8490 | D:7      | Reached ** piety under Sif Muna
  8500 | D:7      | Reached skill level 9 in Summonings
  8710 | D:7      | Learned a level 3 spell: Summon Guardian Golem
  9170 | D:8      | Noticed a two-headed ogre
  9175 | D:8      | Noticed Joseph
  9307 | D:8      | Killed a two-headed ogre
  9308 | D:8      | Reached XP level 10. HP: 83/83 MP: 7/17
  9323 | D:8      | Reached skill level 5 in Dodging
  9351 | D:7      | Reached skill level 10 in Air Magic
  9799 | D:7      | Killed Joseph
  9800 | D:7      | Reached skill level 5 in Invocations
 10197 | D:8      | Found Qenlenn's Weapon Emporium.
 10265 | D:8      | Found a radiant altar of Vehumet.
 10312 | D:8      | Found a staircase to the Lair.
 10967 | D:9      | Reached *** piety under Sif Muna
 11275 | D:9      | Identified the +4 leather armour of Duty {MP+9 Int-2 Dex+6}
 11281 | D:9      | Noticed Harold
 11305 | D:9      | Killed Harold
 11306 | D:9      | Reached XP level 11. HP: 89/89 MP: 6/21
 11910 | D:10     | Entered Level 10 of the Dungeon
 11915 | D:10     | Found a snail-covered altar of Cheibriados.
 12204 | D:10     | Noticed Maggie
 12334 | Lair:1   | Entered Level 1 of the Lair of Beasts
 12343 | Lair:1   | Noticed a spriggan rider
 12366 | Lair:1   | Killed a spriggan rider
 12850 | Lair:1   | Reached **** piety under Sif Muna
 12939 | Lair:1   | Learned a level 3 spell: Mephitic Cloud
 13082 | Lair:1   | Reached skill level 10 in Summonings
 13939 | Lair:2   | Reached skill level 11 in Summonings
 13953 | Lair:2   | Reached XP level 12. HP: 100/100 MP: 16/25
 14357 | Lair:2   | Found a hole to the Spider Nest.
 14684 | Lair:2   | Reached skill level 12 in Summonings
 15538 | Lair:3   | Learned a level 4 spell: Airstrike
 15541 | Lair:3   | Learned a level 2 spell: Static Discharge
 16403 | Lair:3   | Found a staircase to the Shoals.
 17306 | Lair:4   | Reached skill level 1 in Evocations
 17580 | Lair:4   | Noticed a catoblepas
 17649 | Lair:4   | Killed a catoblepas
 17965 | Lair:4   | You fall into a shaft and drop 1 floor!
 17965 | Lair:5   | Entered Level 5 of the Lair of Beasts
 17965 | Lair:5   | Noticed a four-headed hydra
 18645 | D:10     | Found a staircase to the Orcish Mines.
 19088 | D:10     | Found Migamyg's Antique Weapon Emporium.
 19223 | D:10     | Reached ***** piety under Sif Muna
 19224 | D:10     | Reached XP level 13. HP: 111/111 MP: 16/26
 19243 | D:10     | Killed Maggie
 19801 | D:11     | Noticed Erolcha
 19961 | Lair:5   | Received a gift from Sif Muna
 19962 | Lair:5   | Got Sif Muna's Verses on Brilliant Conduction {god gift}
 20105 | Lair:4   | Learned a level 6 spell: Conjure Ball Lightning
 20433 | Lair:5   | Reached skill level 1 in Conjurations
 20837 | Lair:5   | Reached skill level 5 in Conjurations
 22091 | Lair:5   | Found a shimmering altar of Xom.
 22110 | Lair:5   | Found a staircase to the Slime Pits.
 22753 | Lair:5   | Reached skill level 10 in Conjurations
 22753 | Lair:5   | Gained mutation: Your large and strong wings let you fly.
                  | [Black Draconian growth]
 22753 | Lair:5   | Reached XP level 14. HP: 118/118 MP: 11/27
 22841 | Lair:5   | Found a burning altar of Makhleb.
 23281 | Lair:5   | Found a gateway to Hell.
 23644 | Lair:5   | Learned a level 4 spell: Fulminant Prism
 23834 | Orc:1    | Entered Level 1 of the Orcish Mines
 23889 | Orc:1    | Found Qetou's Jewellery Shop.
 24584 | Orc:2    | Entered Level 2 of the Orcish Mines
 24618 | Orc:2    | Reached skill level 10 in Spellcasting
 24692 | Orc:2    | Found a staircase to the Elven Halls.
 25120 | Orc:2    | Found a runed translucent gate.
 25121 | Orc:2    | Found a runed translucent gate.
 25121 | Orc:2    | Noticed an orc warlord
 25121 | Orc:2    | Noticed Voland's ghost (journeyman TeAE)
 25122 | Orc:2    | Found a runed translucent gate.
 25395 | Orc:2    | Gained mutation: Potions are less effective at restoring
                  | your health. [a neqoxec]
 26294 | Orc:2    | Found Jari's General Store.
 26299 | Orc:2    | Found Faluj's Antique Armour Shoppe.
 26306 | Orc:2    | Found Nidaace's Book Shoppe.
 26308 | Orc:2    | Found Bazofyts's Magic Scroll Boutique.
 26317 | Orc:2    | Bought a scroll of teleportation for 33 gold pieces
 26317 | Orc:2    | Bought a scroll of identify for 22 gold pieces
 26317 | Orc:2    | Bought a scroll of teleportation for 33 gold pieces
 26317 | Orc:2    | Bought a scroll of identify for 22 gold pieces
 26422 | Orc:2    | Killed Voland's ghost
 26426 | Orc:2    | Killed an orc warlord
 26532 | Orc:2    | Identified the +3 pair of boots of Recklessness {Drain
                  | rElec rF- Int+8}
 26743 | D:10     | Bought a crude mace for 160 gold pieces
 26743 | D:10     | Identified the +2 mace of the Scorned {flame, rC++ Str-5}
                  | (You bought it in a shop on level 10 of the Dungeon)
 26743 | D:10     | Bought an iridescent hand axe for 160 gold pieces
 26743 | D:10     | Identified the +7 hand axe "Sukeby" {flame, Str+3 SInv}
                  | (You bought it in a shop on level 10 of the Dungeon)
 26896 | Orc:2    | Bought a cloak for 103 gold pieces
 27141 | Shoals:1 | Entered Level 1 of the Shoals
 27141 | Shoals:1 | Found Qeecut Zidd's Vocational Training.
 27619 | D:11     | Killed Erolcha
 28740 | D:12     | Noticed Kirke
 28865 | D:12     | Identified a scroll of acquirement
 28867 | D:12     | Acquired the ring "Sozy" {Fire rN+ Will+ Str-3 Dex+2}
 29015 | D:12     | You are sucked into a shaft and drop 3 floors!
 29015 | D:15     | Entered Level 15 of the Dungeon
 29346 | D:15     | Received a gift from Sif Muna
 29521 | D:15     | Got Sif Muna's Volume of Incendiary Accompaniment {god
                  | gift}
 29942 | D:15     | Reached XP level 15. HP: 120/124 MP: 15/29
 30093 | D:15     | Found Tiruonerph's Distillery.
 30404 | D:15     | Identified the +9 falchion of Terra Nullius {flame, Fragile
                  | rN+++ Str+4 Dex+4}
 30704 | D:15     | Reached skill level 15 in Conjurations
 31196 | D:15     | Found a staircase to the Depths.
 32034 | D:15     | Learned a level 7 spell: Orb of Destruction
 32184 | D:15     | Identified Roxanne's Vellum of Stones
 32184 | D:15     | Noticed Roxanne
 32686 | D:14     | Noticed Rupert
 32686 | D:14     | Noticed Urug
 32686 | D:14     | Noticed Nessos
 32686 | D:14     | Found a gate to the Vaults.
 32693 | D:15     | Reached skill level 1 in Shields
 33152 | D:14     | Killed Urug
 33199 | D:14     | Killed Nessos
 33488 | D:14     | Killed Rupert
 35585 | D:13     | Found Imihu's Jewellery Emporium.
 36438 | D:12     | Killed Kirke
 36530 | D:12     | Received a gift from Sif Muna
 36531 | D:12     | Got Sif Muna's Thoughts on Displacement and Anemomancy {god
                  | gift}
 36543 | D:12     | Learned a level 5 spell: Arcjolt
 36932 | D:12     | Found Jativ's Assorted Antiques.
 37049 | D:12     | Found a transporter.
 37050 | D:12     | Noticed oldnick's ghost (journeyman TrFi)
 37053 | D:12     | Found a transporter.
 38003 | Shoals:1 | Reached skill level 5 in Shields
 38018 | Shoals:1 | Reached XP level 16. HP: 132/132 MP: 11/32
 38476 | Shoals:1 | Found Ikoyhe's General Store.
 39430 | Shoals:1 | Reached skill level 10 in Fighting
 40242 | Shoals:1 | Found Fiask's Armour Shoppe.
 40785 | Spider:1 | Entered Level 1 of the Spider Nest
 40943 | Elf:1    | Entered Level 1 of the Elven Halls
 42385 | Elf:1    | Got Bisosov's Enchiridion on Support
 42505 | Elf:1    | Found Coykhlore's Weapon Boutique.
 42819 | Elf:1    | Learned a level 3 spell: Ozocubu's Armour
 42890 | Elf:2    | Found a frozen archway.
 42905 | Elf:2    | Reached skill level 1 in Ice Magic
 43046 | IceCv    | Entered an ice cave
 44973 | IceCv    | Found a viscous altar of Jiyva.
 44990 | IceCv    | Identified the +2 cloak of the Morning Star {+Inv Str+2
                  | Int+3}
 45134 | IceCv    | Learned a level 6 spell: Summon Cactus Giant
 45373 | D:5      | Bought a scroll labelled XEAFIN XYUKHLUY for 22 gold pieces
 45523 | D:13     | Bought a ring of willpower for 425 gold pieces
 46117 | Elf:2    | Reached XP level 17. HP: 144/144 MP: 27/35
 46341 | Elf:2    | Found a runed translucent gate.
 46341 | Elf:2    | Found a runed translucent gate.
 46342 | Elf:2    | Found a runed translucent gate.
 46698 | Elf:2    | Reached skill level 15 in Spellcasting
 47846 | Elf:2    | Reached skill level 5 in Ice Magic
 48364 | Elf:3    | Entered Level 3 of the Elven Halls
 49172 | Elf:3    | Noticed Nikola
 49185 | Elf:3    | Killed Nikola
 49351 | Elf:3    | Identified the +6 spear "Guiz" {antimagic, rPois Stlth+}
 49816 | Elf:3    | Noticed a deep elf blademaster
 49823 | Elf:3    | Noticed a deep elf master archer
 49948 | Elf:3    | Killed a deep elf blademaster
 50125 | Elf:3    | Killed a deep elf master archer
 50368 | Elf:3    | Noticed a Tzitzimitl
 50502 | Elf:3    | Identified the +11 scimitar of Cipsakh {holy, Int+4 Dex+2}
 51042 | Elf:3    | Noticed a deep elf master archer
 51161 | Elf:3    | Identified the +4 chain mail of Trial and Error {Harm rN+
                  | Will+}
 51161 | Elf:3    | Noticed a deep elf blademaster
 51165 | Elf:3    | Killed a deep elf blademaster
 51168 | Elf:3    | Killed a deep elf master archer
 51437 | Elf:3    | Noticed a Brimstone Fiend
 51726 | Elf:3    | Identified the amulet of Pauqouvo {RegenMP +Blink Int+2}
 52201 | Elf:3    | Killed a ghostly deep elf blademaster
 52417 | Elf:3    | Identified the staff of air "Efaul" {rElec rN+ Dex+3
                  | Stlth+}
 52480 | Elf:3    | Got the Anthology of the Telluric Arsonist
 52489 | Elf:3    | Got the Compilation of the United Figure
 52713 | D:12     | Killed oldnick's ghost
 53012 | Spider:1 | Reached skill level 15 in Fighting
 53034 | Spider:1 | Reached XP level 18. HP: 67/155 MP: 7/37
 55140 | Spider:2 | Reached skill level 10 in Dodging
 55812 | Spider:2 | Paralysed by a jorogumo for 1 turns
 56129 | Spider:2 | Received a gift from Sif Muna
 56133 | Spider:2 | Got Sif Muna's Papyrus of Curses and Clouds {god gift}
 56141 | Spider:2 | Learned a level 5 spell: Freezing Cloud
 56145 | Spider:2 | Learned a level 3 spell: Swiftness
 56363 | Spider:2 | Reached skill level 13 in Summonings
 58869 | Spider:4 | Entered Level 4 of the Spider Nest
 59444 | D:3      | Bought a manual of Translocations for 1120 gold pieces
 59748 | Shoals:2 | Reached skill level 1 in Translocations
 59771 | Shoals:2 | You are sucked into a shaft and drop 1 floor!
 60378 | Shoals:3 | Reached skill level 14 in Summonings
 60546 | Shoals:3 | Reached skill level 5 in Translocations
 61219 | Shoals:2 | Reached XP level 19. HP: 172/172 MP: 31/38
 62543 | Shoals:2 | Received a gift from Sif Muna
 62546 | Shoals:2 | Got Sif Muna's Parchment of Hypothermia and Anathema {god
                  | gift}
 62555 | Shoals:2 | Reached skill level 10 in Translocations
 62861 | Shoals:4 | Entered Level 4 of the Shoals
 62867 | Shoals:4 | Found a corrupted altar of Lugonu.
 62867 | Shoals:4 | Found a one-way gate to the infinite horrors of the Abyss.
 63448 | Shoals:4 | Identified the staff of earth "Zarioguc" {rPois Will+}
 63733 | Shoals:4 | Noticed Ilsuiw
 63740 | Shoals:4 | Killed Ilsuiw
 63973 | Shoals:3 | Learned a level 7 spell: Malign Gateway
 63978 | Shoals:3 | Learned a level 3 spell: Frozen Ramparts
 64492 | Shoals:4 | Identified the amulet "Voebbuny" {RegenMP Regen+}
 64951 | Shoals:4 | Identified the ring "Wiuth" {Ice Dex+2}
 64987 | Shoals:4 | Identified the +2 robe of the Blizzard {Int+4}
 65117 | Shoals:4 | Got a barnacled rune of Zot
 65275 | Shoals:1 | Bought a manual of Evocations for 1040 gold pieces
 65570 | Spider:4 | Reached skill level 5 in Evocations
 66274 | Spider:4 | Reached skill level 15 in Summonings
 66561 | Spider:4 | Noticed Bai Suzhen
 66601 | Spider:4 | Killed Bai Suzhen
 67137 | Spider:4 | Lost mutation: Potions are less effective at restoring your
                  | health. [potion of mutation]
 67137 | Spider:4 | Gained mutation: You are occasionally teleported next to
                  | monsters. [potion of mutation]
 67137 | Spider:4 | Gained mutation: You are agile. (Dex +4, Str/Int -1)
                  | [potion of mutation]
 67137 | Spider:4 | Gained mutation: You have a pair of small horns on your
                  | head. [potion of mutation]
 67137 | Spider:4 | Gained mutation: You expend magic power (3 MP) to
                  | strengthen your wands. [potion of mutation]
 67138 | Spider:4 | Lost mutation: You expend magic power (3 MP) to strengthen
                  | your wands. [potion of mutation]
 67138 | Spider:4 | Lost mutation: You are occasionally teleported next to
                  | monsters. [potion of mutation]
 67138 | Spider:4 | Lost mutation: You have a pair of small horns on your head.
                  | [potion of mutation]
 67138 | Spider:4 | Gained mutation: You are partially covered in large bone
                  | plates. (SH +4) [potion of mutation]
 67138 | Spider:4 | Gained mutation: You are somewhat resistant to further
                  | mutation. [potion of mutation]
 67201 | Spider:4 | Reached skill level 10 in Evocations
 67613 | Spider:4 | Found the +3 pair of seven-league boots {Rampage+∞}
 67653 | Spider:4 | Got a gossamer rune of Zot
 68285 | D:15     | Killed Roxanne
 68396 | Vaults:1 | Entered Level 1 of the Vaults
 68465 | Vaults:1 | Reached XP level 20. HP: 180/180 MP: 26/39
 68510 | Vaults:1 | Learned a level 7 spell: Monstrous Menagerie
 69716 | Vaults:1 | Reached skill level 16 in Summonings
 69792 | Vaults:1 | Received a gift from Sif Muna
 69795 | Vaults:1 | Got Sif Muna's Atlas of the Maledictive Compass {god gift}
 70870 | Vaults:2 | You are sucked into a shaft and drop 1 floor!
 70901 | Vaults:3 | Reached skill level 17 in Summonings
 71396 | Vaults:3 | Noticed Sojobo
 71415 | Vaults:3 | Killed Sojobo
 71893 | Vaults:3 | Received a gift from Sif Muna
 71895 | Vaults:3 | Got Sif Muna's Guidebook on Phantasms {god gift}
 72199 | Vaults:2 | Reached XP level 21. HP: 185/187 MP: 14/40
 72840 | Vaults:2 | Reached skill level 18 in Summonings
 73056 | Vaults:2 | Reached skill level 10 in Invocations
 73276 | Vaults:2 | Found a staircase to the Crypt.
 73339 | Vaults:2 | Noticed a dread lich
 73436 | Vaults:2 | Received a gift from Sif Muna
 73538 | Vaults:2 | Got Zergheuto's Book of Hypothermia and Ouranomancy {god
                  | gift}
 74048 | Vaults:2 | Identified the amulet of Runudalu {Acrobat rElec Will+}
 74049 | Vaults:2 | Identified the staff of death "Lygasodd" {rElec rN+ Str+5
                  | Stlth-}
 74098 | Vaults:2 | Killed a dread lich
 74099 | Vaults:2 | Reached skill level 19 in Summonings
 74933 | Vaults:4 | Learned a level 5 spell: Summon Forest
 74943 | Vaults:4 | Found a runed translucent door.
 74990 | Vaults:4 | Identified the staff of conjuration "Desoesir" {rCorr
                  | Stlth+}
 74993 | Vaults:4 | Identified the +2 pair of boots of the Shoals {rElec rC-
                  | Will+ Str+4}
 75001 | Vaults:4 | Identified the +6 long sword of the Purple Skies {flame,
                  | rF+ Str+5 Int+3}
 75030 | Vaults:4 | Found a magical portal.
 75041 | WizLab   | Entered Eringya's Formal Garden
 75651 | WizLab   | Received a gift from Sif Muna
 75801 | WizLab   | Reached skill level 20 in Summonings
 76122 | WizLab   | Found a blossoming altar of Fedhas.
 76592 | Vaults:4 | Reached XP level 22. HP: 195/195 MP: 23/41
 76622 | Vaults:4 | Learned a level 2 spell: Blink
 77510 | Vaults:4 | Received a gift from Sif Muna
 77511 | Vaults:4 | Got Sif Muna's Tractate on the Welkin {god gift}
 78026 | Depths:1 | Entered Level 1 of the Depths
 78512 | Depths:1 | Identified the ring of Ynivegen {Fly Str+3}
 78648 | Depths:1 | Paralysed by a floating eye for 2 turns
 79157 | Depths:1 | Found a white marble altar of Elyvilon.
 79283 | Depths:1 | Found a hazy altar of Hepliaklqana.
 79283 | Depths:1 | Found a shimmering altar of Xom.
 79285 | Depths:1 | Found a blossoming altar of Fedhas.
 79285 | Depths:1 | Found a radiant altar of Vehumet.
 79285 | Depths:1 | Found a blossoming altar of Fedhas.
 79344 | Depths:1 | Found a corrupted altar of Lugonu.
 79355 | Depths:1 | Found a runed translucent door.
 79360 | Depths:1 | Noticed a caustic shrike
 79777 | Depths:1 | Reached skill level 21 in Summonings
 79780 | Depths:1 | Received a gift from Sif Muna
 79796 | Depths:1 | Killed a caustic shrike
 79801 | Depths:1 | Got Sif Muna's Tome of Earthen Direction {god gift}
 79899 | Depths:1 | Identified the +2 dire flail of Yesterday {flame, rElec}
 79963 | Depths:2 | Found Estamem's Assorted Antiques.
 79967 | Depths:2 | Noticed the Enchantress
 79972 | Depths:2 | Killed the Enchantress
 80010 | Depths:2 | Noticed a golden dragon
 80193 | Depths:2 | Found a one-way gate leading to the halls of Pandemonium.
 80368 | Depths:2 | Killed a golden dragon
 80536 | Depths:2 | Noticed a juggernaut
 80551 | Depths:2 | Killed a juggernaut
 80741 | Depths:2 | Noticed a juggernaut
 80758 | Depths:2 | Killed a juggernaut
 80759 | Depths:2 | Reached skill level 22 in Summonings
 80761 | Depths:2 | Reached XP level 23. HP: 161/209 MP: 32/43
 81051 | Depths:2 | Identified the staff of cold "Cehiquf" {rF+++ rC+ rCorr
                  | Str-2 Int+3}
 81367 | Depths:2 | Found a sparkling altar of Nemelex Xobeh.
 81381 | Depths:2 | Noticed Saint Roka
 81398 | Depths:2 | Killed Saint Roka
 81764 | Depths:2 | Identified the +1 helmet of the Desert {Will+ Int+2 SInv}
 82589 | Depths:3 | You are sucked into a shaft and drop 1 floor!
 82589 | Depths:4 | Entered Level 4 of the Depths
 82601 | Depths:4 | Reached skill level 23 in Summonings
 82615 | Depths:4 | Received a gift from Sif Muna
 82616 | Depths:4 | Got Sif Muna's Volume of Kindled Charms {god gift}
 83123 | Depths:3 | Identified the +5 steam dragon scales "Nironug" {rPois
                  | Str+3 Dex+3}
 83263 | Depths:3 | Noticed a caustic shrike
 83276 | Depths:3 | Killed a caustic shrike
 83365 | Depths:3 | Identified the +5 great sword of the Hidden Vale {venom,
                  | Str+3 Stlth+}
 83842 | Depths:3 | Noticed a juggernaut
 83857 | Depths:3 | Killed a juggernaut
 83940 | Depths:3 | Identified the amulet "Ceklon" {Acrobat rC+}
 84109 | Depths:3 | Noticed a juggernaut
 84114 | Depths:3 | Killed a juggernaut
 84121 | Depths:3 | Reached skill level 24 in Summonings
 85136 | D:5      | Bought a lightning rod (4/4) for 720 gold pieces
 85136 | D:5      | Bought 2 potions of haste for 480 gold pieces
 85136 | D:5      | Bought a potion of haste for 240 gold pieces
 85306 | D:15     | Bought a potion of heal wounds for 60 gold pieces
 85306 | D:15     | Bought a potion of haste for 120 gold pieces
 85306 | D:15     | Bought a potion of haste for 120 gold pieces
 85306 | D:15     | Bought a potion of curing for 36 gold pieces
 85395 | Depths:3 | Received a gift from Sif Muna
 86084 | Depths:4 | Found Uxanosa's Magic Scroll Boutique.
 86093 | Depths:4 | Bought a scroll of blinking for 97 gold pieces
 86110 | Depths:4 | Found Xoiler's Antique Armour Boutique.
 86110 | Depths:4 | Found Utaagyam's Magic Scroll Boutique.
 86110 | Depths:4 | Found Bexkymna's Distillery.
 86127 | Depths:4 | Reached XP level 24. HP: 117/198 MP: 9/44
 86139 | Depths:4 | Found a one-way gateway to a ziggurat.
 86229 | Depths:4 | Found Uscharisum's Jewellery Shop.
 86297 | Depths:4 | Bought a potion of heal wounds for 105 gold pieces
 86297 | Depths:4 | Bought 2 potions of heal wounds for 210 gold pieces
 86827 | Depths:4 | Found a gate to the Realm of Zot.
 87136 | Crypt:1  | Entered Level 1 of the Crypt
 87168 | Crypt:1  | Reached skill level 10 in Shields
 87182 | Crypt:1  | Received a gift from Sif Muna
 87183 | Crypt:1  | Got Vecoim's Precepts of Inflammable Clouds {god gift}
 88888 | Crypt:2  | Received a gift from Sif Muna
 89332 | Crypt:2  | Got Xeohuif's Grimoire of the Floating Jaunt {god gift}
 89988 | Crypt:3  | Entered Level 3 of the Crypt
 90382 | Crypt:3  | Found a staircase to the Tomb.
 91295 | Crypt:3  | Reached skill level 15 in Shields
 91344 | Crypt:3  | Noticed Boris
 91356 | Crypt:3  | Killed Boris
 91356 | Crypt:3  | Received a gift from Sif Muna
 91357 | Crypt:3  | Got Sif Muna's Secrets of the Xenolith and Kinetic Energy
                  | {god gift}
 91641 | Crypt:3  | Noticed a dread lich
 91641 | Crypt:3  | Noticed a dread lich
 92287 | Slime:1  | Entered Level 1 of the Pits of Slime
 92287 | Slime:1  | You are sucked into a shaft and drop 1 floor!
 93029 | Slime:3  | Reached XP level 25. HP: 224/224 MP: 27/44
 93039 | Slime:3  | Learned a level 9 spell: Dragon's Call
 93344 | Slime:3  | Noticed Dissolution
 93359 | Slime:3  | Killed Dissolution
 94240 | Slime:4  | Received a gift from Sif Muna
 94857 | Slime:5  | Entered Level 5 of the Pits of Slime
 95351 | Slime:5  | Reached skill level 25 in Summonings
 95604 | Slime:5  | Noticed the Royal Jelly
 96375 | Slime:5  | Killed the Royal Jelly
 96610 | Slime:5  | Got Jeimuc's Last Precepts of the Ultimate Wizard
 96611 | Slime:5  | Identified the ring of the Ubiquitous God {Fire Str-2
                  | Dex+6}
 96635 | Slime:5  | Identified the +3 arbalest of Noetun {freeze, rCorr Stlth+}
 96643 | Slime:5  | Got a slimy rune of Zot
 96653 | Slime:5  | Identified the +2 short sword of Das Jit {heavy, rN+ rCorr
                  | Str+3 Stlth+}
 97391 | Vaults:5 | Entered Level 5 of the Vaults
 97395 | Vaults:5 | Received a gift from Sif Muna
 97397 | Vaults:5 | Noticed Xtahua
 97411 | Vaults:5 | Reached skill level 15 in Evocations
 97415 | Vaults:5 | Killed Xtahua
 97448 | Vaults:5 | Noticed Frederick
 97455 | Vaults:5 | Killed Frederick
 97647 | Vaults:5 | Got Sif Muna's Vellum of the Enthralling Iceberg {god gift}
 97845 | Vaults:5 | Noticed Mara
 97852 | Vaults:5 | Killed Mara
 98382 | Vaults:5 | Reached XP level 26. HP: 213/236 MP: 18/45
 98551 | Vaults:5 | Identified the amulet of Kiavialua {Spirit Rampage}
 98726 | Vaults:5 | Identified the ring of Raotoc {Fire Dex+3}
 98740 | Vaults:5 | Identified the +5 mace of Fundamental Breach {antimagic,
                  | rN+ Will- Stlth+}
 98800 | Vaults:5 | Received a gift from Sif Muna
 98873 | Vaults:5 | Identified the +3 plate armour "Japneton" {Harm rF+++ rC-
                  | Dex+2}
 98874 | Vaults:5 | Identified the staff of conjuration "Ityuwit" {Will+}
 98880 | Vaults:5 | Got a silver rune of Zot
 98900 | Vaults:5 | Noticed a juggernaut
 98900 | Vaults:5 | a juggernaut changed into a caustic shrike
 99326 | Vaults:5 | Found Wuruhik's Book Emporium.
 99574 | Vaults:5 | Identified the staff of earth "Astrifef" {rElec rC- Int+5}
 99811 | Vaults:5 | Got the Lectures on White Breccia
 99812 | Vaults:5 | Identified the ring "Lyzxul" {Fly Will++ EV+5 Dex+4 Stlth-}
100319 | Depths:4 | Bought a scroll of acquirement for 676 gold pieces
100319 | Depths:4 | Acquired 1099 gold pieces
100353 | Depths:4 | Bought a potion of curing for 63 gold pieces
100353 | Depths:4 | Bought a potion of haste for 210 gold pieces
100680 | Shoals:1 | Bought a manual of Invocations for 1040 gold pieces
100903 | Orc:2    | Bought a potion of curing for 45 gold pieces
100903 | Orc:2    | Bought 2 potions of magic for 240 gold pieces
101071 | D:5      | Bought 2 potions of curing for 156 gold pieces
101071 | D:5      | Bought 2 potions of curing for 156 gold pieces
101071 | D:5      | Bought a potion of brilliance for 104 gold pieces
101071 | D:5      | Bought a scroll of fear for 104 gold pieces
101344 | Zot:1    | Entered Level 1 of the Realm of Zot
101450 | Depths:4 | Learned a level 4 spell: Passage of Golubria
102314 | Zot:1    | Received a gift from Sif Muna
102323 | Zot:1    | Got Xeaguirr's Writings on the Conjured Mausoleum {god
                  | gift}
102471 | Zot:1    | Identified the ring "Boicikke" {Ice rN++ Will+ Str-5}
102471 | Zot:1    | Noticed Josephina
102477 | Zot:1    | Killed Josephina
102722 | Zot:1    | Noticed an orb of fire
102742 | Zot:1    | Killed an orb of fire
102743 | Zot:1    | Reached skill level 15 in Invocations
102758 | Zot:1    | Noticed an ancient lich
102775 | Zot:1    | Killed an ancient lich
102852 | Zot:1    | Found a stormy altar of Qazlal.
102870 | Zot:1    | Identified the staff of fire "Orchaeva" {rF+ rC- Dex+5}
103600 | Zot:2    | Reached XP level 27. HP: 240/243 MP: 16/46
103791 | Zot:2    | Noticed Cyqimiab's ghost (legendary MfGl)
103796 | Zot:2    | Found a runed translucent door.
103838 | Zot:2    | Killed Cyqimiab's ghost
103899 | Zot:2    | Identified the +1 hat of Vuukish {Fly rN+++ Will- rCorr}
104891 | Zot:3    | Identified the +4 dire flail of the Dungeon {drain, Contam
                  | Int+2 Dex+6 Stlth-}
104938 | Zot:3    | Reached skill level 26 in Summonings
105675 | Zot:4    | Received a gift from Sif Muna
105844 | Zot:4    | Noticed an orb of fire
105854 | Zot:4    | Killed an orb of fire
106921 | Zot:5    | Entered Level 5 of the Realm of Zot
107448 | Zot:5    | Noticed a dread lich
107465 | Zot:5    | Killed a dread lich
107504 | Zot:5    | Noticed an ancient lich
107517 | Zot:5    | Noticed an orb of fire
107533 | Zot:5    | Noticed an ancient lich
107534 | Zot:5    | Killed an ancient lich
107535 | Zot:5    | Killed an orb of fire
107539 | Zot:5    | Killed an ancient lich
107542 | Zot:5    | Received a gift from Sif Muna
107622 | Zot:4    | Learned a level 8 spell: Summon Horrible Things
107648 | Zot:5    | Got Sif Muna's Vellum of Unstable Ozone {god gift}
107723 | Zot:5    | Noticed an orb of fire
107755 | Zot:5    | Killed an orb of fire
107952 | Zot:5    | Acquired the +2 pair of boots of Leapfrog {rPois rF+ Will-
                  | SInv}
108868 | Zot:5    | Got the Orb of Zot
109343 | D:11     | Noticed Ameocaur the pandemonium lord
109457 | D:9      | Noticed Qirph the pandemonium lord
109518 | D:6      | Noticed Kejil the pandemonium lord
109525 | D:6      | Killed Kejil the pandemonium lord
109617 | D:$      | Escaped with the Orb!

Illustrated notes

Levels and vault maps discovered:
D:1:      mrwooster_arrival_statue_3, layout_loops_ring
D:2:      layout_loops_ring, uniq_natasha
D:3:      layout_rooms, trog_hazing_becter, amcnicky_altar_gilded, serial_shops,
          shop
D:4:      layout_loops_corners, nicolae_elyvilon_peaceful_grove, eino_curves_01,
          hangedman_decor_opposing
D:5:      layout_gridville, nicolae_hepliaklqana_hazy_memory,
          gup_sewer_entry_spiral, serial_shops, nicolae_shop_hallway_plus, shop,
          nicolae_shop_overgrown_old_shop, shop
D:6:      layout_basic, mainiacjoe_overflow_tiny_flanked,
          nicolae_overflow_crystal_walls, zin_statuary,
          nicolae_qazlal_scattered_showers, mainiacjoe_overflow_surrounded_room,
          temple_hall
D:7:      layout_cave_pools, lemuel_round_altar, serial_shops,
          nicolae_shop_rolling_square, enter_ossuary_3,
          nicolae_fountain_basement
D:8:      layout_rooms, nicolae_vehumet_altar_sigil, minmay_lair_entry_grove,
          serial_shops, nicolae_shop_bloodbath_and_beyond,
          kennysheep_opposing_triangles, uniq_joseph
D:9:      layout_long_grid, uniq_harold
D:10:     layout_stronghold, lemuel_doored_altar, minmay_orc_entry_guard_dogs,
          serial_shops, shop, uniq_maggie
D:11:     layout_long_grid, minmay_strange_pillars, glass_columns_b,
          uniq_erolcha
D:12:     layout_roguey, gammafunk_ghost_hive, serial_shops,
          nicolae_shop_advertising_works [nicolae_subvault_shop_adworks],
          hangedman_incinerator, uniq_kirke
D:13:     layout_irregular_city, serial_shops, shop
D:14:     layout_long_grid, david_vaults_3, serial_glass, glass_columns_b,
          glass_columns_a, glass_columns_a, glass_columns_b,
          due_unseen_surprise, item_on_display_a
D:15:     gammafunk_depths_entry_grave, layout_basic, minmay_misc_feat_plants,
          serial_shops, shop, uniq_roxanne
Temple:   eino_temple_lava
Lair:1:   layout_concentric_octagons, special_room [special_room_bee],
          grunt_forest_large_clearings
Lair:2:   layout_cave_pods, spider_nest_entry_funnel_web,
          infiniplex_staircase_pool
Lair:3:   layout_long_grid, minmay_shoals_entry_centaurs
Lair:4:   layout_cave_shapes, lemuel_fruit_fields
Lair:5:   evil_forest, layout_loops_ring, slime_entry_1, basic_altar
Shoals:1: cheibrodos_shoals_roost, layout_shoals, serial_shops, shop,
          nicolae_take_the_stairs, nicolae_shop_vocational
Shoals:2: layout_shoals, nicolae_shoals_sun_and_surf
Shoals:3: layout_shoals
Shoals:4: shoals_end_hangedman, layout_shoals, shoals_ilsuiw_alternative,
          amcnicky_altar_lugonu_corruption
Spider:1: nicolae_spider_hall_of_the_moth_king, nicolae_spider_solar_radiation
Spider:2: nicolae_spider_hilbert_zone_2 [nicolae_spider_hilbert_4_sides_1_open,
          nicolae_spider_hilbert_4_sides_1_open,
          nicolae_spider_hilbert_4_sides_1_open,
          nicolae_spider_hilbert_4_sides_1_open,
          nicolae_spider_hilbert_6_sides_1_open,
          nicolae_spider_hilbert_6_sides_1_open,
          nicolae_spider_hilbert_3_sides_1_open,
          nicolae_spider_hilbert_3_sides_1_open,
          nicolae_spider_hilbert_3_sides_1_open,
          nicolae_spider_hilbert_3_sides_1_open,
          nicolae_spider_hilbert_6_sides_1_open,
          nicolae_spider_hilbert_6_sides_1_open,
          nicolae_spider_hilbert_6_sides_1_open,
          nicolae_spider_hilbert_6_sides_1_open]
Spider:3: layout_spider_delve, drop_trap
Spider:4: grunt_spider_rune_island, uniq_bai_suzhen
Slime:1:  layout_caves
Slime:2:  layout_caves
Slime:3:  layout_caves, uniq_dissolution
Slime:4:  cheibrodos_slime_lost_civilization_9, layout_caves
Slime:5
Orc:1:    layout_caves, serial_shops, shop
Orc:2:    st_orc_elflike, layout_caves, gammafunk_ghost_split
Elf:1:    minmay_elf_arrival_circle, layout_loops_corners, serial_shops, shop,
          minmay_elf_demonology, nicolae_elf_crossing_hall
Elf:2:    elven_hall_of_blades_hangedman_original
          [nicolae_blade_entry_crossed_weapons], layout_onion_city,
          portal_ice_cave_entry_pillars_2
Elf:3:    elf_hall_gauntlet_wide, layout_loops_corners, uniq_nikola
Vaults:1: nicolae_vaults_storage_closets_1, nicolae_vaults_theta, v_misc_16,
          ontoclasm_vaults_ring_square, nicolae_vaults_octothorpe,
          ontoclasm_vaults_shout, v_alt_pattern_4, grunt_vaults_hallway_short,
          vaults_dpeg_emergency_exit, hangedman_vaults_stream,
          layout_vaults_omnigrid
Vaults:2: nicolae_vaults_closet_pinwheel_6, v_misc_33,
          hangedman_vaults_corner_blocks, vaults_room_stairs_pillars,
          nicolae_vaults_you_can_take_it_with_you, hangedman_vaults_snaps,
          hangedman_vaults_locks, nicolae_vaults_doubleplus_tesselated,
          nicolae_vaults_ninety_degrees, nicolae_vaults_double_plus_1,
          blue_anna_dwarven_crypt, vaults_mumra_lcd, ontoclasm_vaults_pinch,
          nicolae_vaults_diamond_1, nicolae_vaults_house_3, layout_vaults_ring
Vaults:3: serial_ice_m, v_misc_3, nicolae_vaults_spaceships,
          nicolae_vaults_storage_room_doors, nicolae_vaults_double_plus_2,
          vaults_mumra_minichess, layout_vaults_big_room, uniq_margery,
          uniq_sojobo
Vaults:4: infiniplex_enter_wizlab_spiral, ontoclasm_vaults_hangar,
          nicolae_vaults_wrenched, v_misc_33, hangedman_vaults_trim, v_misc_23,
          hangedman_vaults_corner_blocks, vaults_room_grid,
          nicolae_vaults_trapezoid_lopsided_3, nicolae_vaults_oozy_zoo,
          v_misc_33, nicolae_vaults_layer_cake_slice, nicolae_vaults_alarming,
          layout_vaults_omnibox
Vaults:5: uniq_xtahua, uniq_mara, uniq_frederick
Crypt:1:  layout_regular_city, lemuel_nasty_fountain, grunt_crypt_arrival_webbed
Crypt:2:  layout_misc_corridors
Crypt:3:  david_glass_crypt, layout_rooms,
          nicolae_tomb_entry_unfolded_pyramid_orthogonal, uniq_boris
Depths:1: layout_gridlike, special_room [special_room_mythical_zoo],
          abyss_entry_flame_altar, pf_coc_iceberg, doesnt_xom_only_xom,
          minmay_hidden_floor
Depths:2: minmay_bad_star, layout_gridlike, rand_demon_pan_entry_9,
          nemelex_xobeh_ov_fountains_minmay, hell_entry, serial_shops,
          nicolae_square_shop, serial_curves, eino_curves_02, eino_curves_02,
          laboratory, infiniplex_staircase_split_hallway, uniq_enchantress,
          uniq_saint_roka
Depths:3: minmay_the_grid_octo_tiled_octocenter_mashed
          [minmay_the_grid_octo_checkerflower, minmay_the_grid_octo_empty,
          minmay_the_grid_octo_teeth, minmay_the_grid_octo_clover_2,
          minmay_the_grid_octo_prize_big_c,
          minmay_the_grid_square_5x5_spiral_small, minmay_the_grid_square_5x5_c,
          minmay_the_grid_square_5x5_three_walls,
          minmay_the_grid_square_5x5_inner_v], layout_cave_pools,
          infiniplex_staircase_zigzag_2, hangedman_abyss_entry_splay,
          lightli_too_deep
Depths:4: evilmike_zot_entry_diamond, layout_gridlike, enter_ziggurat_f,
          serial_shops, shop, hell_entry, grunt_megastairs_3, minmay_shoptagon
Zot:1:    regret_index_qazlal_generations, layout_misc_corridors, uniq_josephina
Zot:2:    layout_cathedral_of_symmetry, hellmonk_ghost_big_iron
Zot:3:    layout_basic
Zot:4:    grunt_twist_and_shout, layout_concentric_octagons
Zot:5:    layout_misc_corridors

Skill      XL: |  1  2  3  4  5  6  7  8  9 10 11 12 13 14 15 16 17 18 19 20 21 22 23 24 25 26 27 |
---------------+----------------------------------------------------------------------------------+-----
Stealth        | 2 |  2.0
Dodging        | 2 4 6 7 8 10 11 12 13 | 13.2
Spellcasting   | 3 4 5 7 9 10 12 14 15 16 17 18 19 20 | 20.0
Summonings     | 5 6 7 9 11 12 14 15 17 20 22 24 25 26 | 26.0
Fighting       | 2 4 5 6 7 9 11 15 16 18 19 24 | 24.0
Air Magic      | 4 8 9 10 11 13 | 13.0
Invocations    | 2 6 7 8 9 10 16 18 | 18.0
Evocations     | 2 3 10 14 17 18 | 18.0
Conjurations   | 10 14 16 | 16.0
Shields        | 5 7 15 | 15.0
Ice Magic      | 3 5 6 7 |  7.0
Translocations | 6 13 | 13.0

Action                     |  1- 3 |  4- 6 |  7- 9 | 10-12 | 13-15 | 16-18 | 19-21 | 22-24 | 25-27 || total
---------------------------+-------+-------+-------+-------+-------+-------+-------+-------+-------++-------
  Melee: Dagger            |    12 |       |       |       |       |       |       |       |       ||    12
         Spear             |    50 |    17 |       |       |       |       |       |       |       ||    67
         Tailslap          |     3 |     4 |     7 |     4 |     4 |       |     6 |     5 |     6 ||    39
         Punch             |     1 |       |       |       |       |       |       |       |       ||     1
         Trident           |       |    31 |    18 |    32 |    11 |       |       |       |       ||    92
         Halberd           |       |       |    33 |     8 |       |       |       |       |       ||    41
         Hand axe          |       |       |       |       |     2 |       |       |       |       ||     2
         Staff             |       |       |       |       |     1 |     1 |       |    13 |    18 ||    33
         Mace              |       |       |       |       |       |       |    20 |     8 |       ||    28
  Throw: Stone             |     9 |    19 |       |     1 |       |       |       |       |       ||    29
         Dart              |     3 |     6 |    22 |     1 |       |       |       |       |       ||    32
   Cast: Summon Small Mamm |    11 |     2 |     9 |    26 |     1 |       |       |       |       ||    49
         Call Imp          |    13 |    23 |    29 |    34 |    22 |       |       |       |       ||   121
         Call Canine Famil |       |    18 |    26 |    46 |    33 |     2 |       |       |       ||   125
         Summon Lightning  |       |       |    39 |    80 |    94 |    86 |    45 |       |       ||   344
         Summon Guardian G |       |       |     2 |    34 |    16 |       |       |       |       ||    52
         Airstrike         |       |       |       |    53 |   152 |   197 |   193 |   150 |    68 ||   813
         Static Discharge  |       |       |       |     8 |    81 |       |       |       |       ||    89
         Mephitic Cloud    |       |       |       |     1 |     7 |     5 |       |       |       ||    13
         Apportation       |       |       |       |     1 |       |       |     3 |     1 |       ||     5
         Conjure Ball Ligh |       |       |       |       |   105 |    79 |     9 |       |       ||   193
         Fulminant Prism   |       |       |       |       |    18 |    26 |       |       |       ||    44
         Orb of Destructio |       |       |       |       |    25 |   182 |   140 |   160 |    81 ||   588
         Arcjolt           |       |       |       |       |    14 |   162 |   153 |   261 |    63 ||   653
         Summon Cactus Gia |       |       |       |       |       |    41 |    10 |       |       ||    51
         Ozocubu's Armour  |       |       |       |       |       |     9 |     8 |    19 |    15 ||    51
         Freezing Cloud    |       |       |       |       |       |    15 |    20 |    13 |     9 ||    57
         Swiftness         |       |       |       |       |       |     1 |     4 |     7 |     4 ||    16
         Malign Gateway    |       |       |       |       |       |       |    34 |    37 |     8 ||    79
         Frozen Ramparts   |       |       |       |       |       |       |     7 |     1 |       ||     8
         Chain Lightning   |       |       |       |       |       |       |     1 |       |       ||     1
         Monstrous Menager |       |       |       |       |       |       |   159 |   241 |   103 ||   503
         Summon Forest     |       |       |       |       |       |       |     2 |    11 |     2 ||    15
         Blink             |       |       |       |       |       |       |       |     8 |     3 ||    11
         Dragon's Call     |       |       |       |       |       |       |       |       |    61 ||    61
         Maxwell's Capacit |       |       |       |       |       |       |       |       |     1 ||     1
         Summon Horrible T |       |       |       |       |       |       |       |       |     2 ||     2
 Invoke: Channel Magic     |       |       |     1 |     3 |     7 |    21 |    15 |    10 |    14 ||    71
         Forget Spell      |       |       |       |       |       |     2 |     1 |       |     1 ||     4
         Divine Exegesis   |       |       |       |       |       |       |     1 |       |     1 ||     2
Ability: Breathe Lightning |       |       |     1 |     9 |     7 |     4 |     1 |       |       ||    22
         Evoke Blink       |       |       |       |       |       |     2 |     1 |       |       ||     3
  Evoke: Wand              |       |       |    12 |     2 |    25 |    28 |    17 |    14 |    16 ||   114
         Condenser vane    |       |       |       |       |     1 |     2 |       |     3 |     2 ||     8
         Box of beasts     |       |       |       |       |       |       |     1 |     1 |     2 ||     4
         Lightning rod     |       |       |       |       |       |       |       |       |     1 ||     1
    Use: Scroll            |     3 |     8 |     4 |    10 |    16 |    14 |     9 |    12 |     8 ||    84
         Potion            |       |       |     3 |     5 |     2 |    11 |     6 |     5 |     8 ||    40
   Stab: Sleeping          |     3 |     3 |       |       |       |       |       |       |       ||     6
         Distracted        |     1 |       |       |     2 |     1 |       |       |       |     1 ||     5
         Invisible         |       |       |       |     1 |       |       |       |       |       ||     1
         Paralysed         |       |       |       |       |       |       |       |       |     2 ||     2
 Armour: Skin              |    11 |    11 |    22 |    35 |    58 |   184 |   148 |   157 |   137 ||   763
  Dodge: Dodged            |    29 |    31 |    91 |   223 |   264 |   340 |   345 |   328 |   325 ||  1976
  Block: Buckler           |       |       |       |       |    13 |    93 |   202 |   125 |       ||   433
         Kite shield       |       |       |       |       |       |       |       |   312 |   491 ||   803
         Reflection        |       |       |       |       |       |       |       |     3 |       ||     3
